 Dungeon Crawl Stone Soup version 0.26-a0-707-g31817bcca1 (webtiles) character file.

Game seed: 3806055315779584100

282004 marklar909 the Executioner (level 20, -9/184 HPs)
             Began as a Hill Orc Monk on Oct 26, 2020.
             Was a High Priest of Qazlal.
             Killed from afar by a deep elf mage (28 damage)
             ... with a bolt of lightning
             ... on level 2 of the Elven Halls on Oct 27, 2020.
             The game lasted 02:10:01 (61048 turns).

marklar909 the Executioner (Hill Orc Monk)         Turns: 61048, Time: 02:10:01

Health: -9/184     AC: 31    Str: 23    XL:     20   Next: 52%
Magic:  30/30      EV: 18    Int: 12    God:    Qazlal [*****.]
Gold:   2369       SH:  7    Dex: 13    Spells: 7/27 levels left

rFire    + . .     SeeInvis +   a - +8 battleaxe (elec)
rCold    . . .     Faith    .   (shield currently unavailable)
rNeg     + . .     Spirit   .   q - +3 chain mail {rPois}
rPois    +         Reflect  .   j - +2 helmet
rElec    .         Harm     .   z - +2 cloak
rCorr    .         Rampage  .   D - +3 pair of gloves of Broken Taboos {Int+2}
MR       ++++.     Clarity  +   f - +2 pair of boots
Stlth    ..........             C - amulet of the Four Winds {rN+ MR+++ Clar}
HPRegen  0.40/turn              v - +4 ring of evasion
MPRegen  0.22/turn              h - ring of see invisible

@: protected from fire, repel missiles
A: no striking features
}: 2/15 runes: serpentine, barnacled
a: Upheaval, Elemental Force, Disaster Area, Renounce Religion


You were on level 2 of the Elven Halls.
You worshipped Qazlal.
Qazlal was extremely pleased with you.
You visited 7 branches of the dungeon, and saw 34 of its levels.
You visited the Abyss 2 times.
You also visited: Sewer, Bailey and Gauntlet.

You collected 3966 gold pieces.
You spent 1597 gold pieces at shops.

Inventory:

Hand Weapons
 a - a +8 battleaxe of electrocution (weapon)
 b - a +2 battleaxe of venom
 J - a +1 battleaxe of holy wrath
Missiles
 d - 115 poisoned darts (quivered)
Armour
 f - a +2 pair of boots (worn)
 j - a +2 helmet (worn)
 q - a +3 chain mail of poison resistance (worn)
 z - a +2 cloak (worn)
 D - the +3 pair of gloves of Broken Taboos (worn) {Int+2}
   (You found it in a Gauntlet)

   It affects your intelligence (+2).
Jewellery
 g - an uncursed ring of resist corrosion
 h - a ring of see invisible (right hand)
 v - a +4 ring of evasion (left hand)
 C - the amulet of the Four Winds (around neck) {rN+ MR+++ Clar}
   (You bought it in a shop on level 1 of the Snake Pit)

   [amulet of nothing]

   It protects you from negative energy.
   It affects your resistance to hostile enchantments.
   It protects you against confusion.
 E - an uncursed amulet of the acrobat
 H - a +6 ring of dexterity
Wands
 y - a wand of acid (18)
 O - a wand of iceblast (28)
 P - a wand of disintegration (17)
 Q - a wand of digging (6)
Scrolls
 c - 6 scrolls of amnesia
 l - 5 scrolls of fear
 m - 4 scrolls of fog
 p - 17 scrolls of remove curse
 s - 12 scrolls of teleportation
 A - 2 scrolls of blinking
 F - 3 scrolls of enchant armour
 L - 16 scrolls of identify
 R - a scroll of silence
Potions
 e - 7 potions of might
 i - 7 potions of magic
 k - 9 potions of haste
 n - 3 potions of mutation
 o - 14 potions of curing
 r - 6 potions of stabbing
 t - 6 potions of heal wounds
 u - 5 potions of flight
 w - 5 potions of brilliance
 x - 3 potions of resistance
 B - 2 potions of berserk rage
 G - 2 potions of ambrosia
 I - 3 potions of cancellation
 M - a potion of lignification


   Skills:
 + Level 17.5 Fighting
 + Level 22.9 Axes
 + Level 8.2 Throwing
 * Level 12.9 Armour
 + Level 10.2 Dodging
 - Level 3.6 Stealth
 + Level 4.0 Spellcasting
 * Level 7.7 Conjurations
 * Level 4.6 Hexes
 + Level 4.5 Translocations
 + Level 2.8 Transmutations
 * Level 11.2 Fire Magic
 + Level 5.5 Earth Magic
 * Level 13.7 Invocations
 + Level 2.1 Evocations


You had 7 spell levels left.
You knew the following spells:

 Your Spells              Type           Power        Failure   Level
a - Foxfire               Conj/Fire      ####         2%          1
b - Inner Flame           Hex/Fire       ###.....     12%         3
c - Ignite Poison         Fire/Tmut/Pois ##......     43%         3
d - Fireball              Conj/Fire      ####......   52%         5
e - Blink                 Tloc           N/A          24%         2
f - Stone Arrow           Conj/Erth      ###...       22%         3
g - Dazzling Flash        Conj/Hex       ###...       26%         3

Your spell library contained the following spells:

 Spells                   Type           Power        Failure   Level
 Magic Dart               Conj           ###.         4%          1
 Conjure Flame            Conj/Fire      ####....     6%          3
 Searing Ray              Conj           ###...       7%          2
 Sandblast                Erth           ###...       11%         1
 Corona                   Hex            ##.....      16%         1
 Shock                    Conj/Air       ##..         22%         1
 Sticky Flame             Conj/Fire      ####....     22%         4
 Slow                     Hex            ##......     24%         2
 Passwall                 Tmut/Erth      ##......     28%         2
 Confusing Touch          Hex            ##......     43%         3
 Gell's Gravitas          Tloc           ##........   43%         3
 Lesser Beckoning         Tloc           ##........   43%         3
 Portal Projectile        Hex/Tloc       ##....       43%         3
 Teleport Other           Tloc           ##......     43%         3
 Tukima's Dance           Hex            ##......     43%         3
 Sting                    Tmut/Pois      #...         52%         1
 Ensorcelled Hibernation  Hex/Ice        #.....       52%         2
 Static Discharge         Conj/Air       ##......     54%         3
 Fulminant Prism          Conj/Hex       ###.......   63%         4
 Iskenderun's Mystic Bla  Conj/Tloc      ###.....     63%         4
 Summon Small Mammal      Summ           #...         71%         1
 Mephitic Cloud           Conj/Pois/Air  #.......     73%         3
 Summon Guardian Golem    Hex/Summ       #.......     77%         3
 Leda's Liquefaction      Hex/Erth       ##........   78%         4
 Cause Fear               Hex            ##........   83%         4
 Call Imp                 Summ           #.......     85%         2
 Corpse Rot               Necr/Air       N/A          85%         2
 Poisonous Vapours        Pois/Air       #.....       85%         2
 Swiftness                Air            #.......     85%         2
 Passage of Golubria      Tloc           N/A          85%         4
 Petrify                  Tmut/Erth      ##......     88%         4
 Call Canine Familiar     Summ           #.......     97%         3
 Lee's Rapid Deconstruct  Erth           ###.......   97%         5
 Ice Form                 Ice/Tmut       #.......     99%         4
 Lightning Bolt           Conj/Air       ##........   99%         5
 Airstrike                Air            #.........   100%        4
 Olgreb's Toxic Radiance  Pois           #.......     100%        4
 Summon Ice Beast         Ice/Summ       #.......     100%        4
 Summon Lightning Spire   Summ/Air       #.......     100%        4
 Metabolic Englaciation   Hex/Ice        #.........   100%        5
 Summon Forest            Summ/Tloc      #.........   100%        5
 Eringya's Noxious Bog    Tmut/Pois      #.........   100%        6
 Freezing Cloud           Conj/Ice/Air   #.........   100%        6
 Hydra Form               Tmut           #.........   100%        6
 Ozocubu's Refrigeration  Ice            #.........   100%        6
 Simulacrum               Ice/Necr       #.........   100%        6
 Summon Hydra             Summ           #.........   100%        7


Dungeon Overview and Level Annotations

Branches:
Dungeon (15/15)            Temple (1/1) D:4            Lair (6/6) D:10
 Shoals (4/4) Lair:4        Snake (4/4) Lair:2        Slime (0/5) Lair:5
    Orc (2/2) D:9             Elf (2/3) Orc:2        Vaults (0/5) D:13
 Depths (0/5) D:15          Sewer (visited)          Bailey (visited)
Gauntlet (visited)

Altars:
Ashenzari
Cheibriados
Dithmenos
Elyvilon
Fedhas
Gozag
Hepliaklqana
Kikubaaqudgha
Makhleb
Nemelex Xobeh
Okawaru
Qazlal
Ru
Sif Muna
Trog
Uskayaw
Vehumet
Wu Jian
Xom
Yredelemnul
Zin
The Shining One
Beogh
Jiyva

Shops:
D:5 }   D:13 ?   Orc:2 (([(   Shoals:3 =   Snake:1 =!

Annotations:
D:9 1 runed translucent door, exclusion: statue, Deaus's ghost, novice VSFi
D:14 3 runed translucent doors, Laowois's ghost, journeyman MiBe
Lair:4 2 transporters, robertstho's ghost, journeyman GnIE
Lair:5 3 runed translucent doors, Midn8's ghost, journeyman DrWz
Elf:1 exclusions: obsidian statue and orange crystal statue


Message History

The +4 glaive of flaming hits you!
* * * LOW HITPOINT WARNING * * *
A fire elemental comes into view.
Unknown command.
You barely miss the +4 glaive of flaming.
The +4 glaive of flaming is heavily damaged.
Unknown command.
You closely miss the +4 glaive of flaming.
The +4 glaive of flaming is heavily damaged.
The +4 glaive of flaming is engulfed in blazing flames.
The +4 glaive of flaming hits you!
* * * LOW HITPOINT WARNING * * *
The +4 glaive of flaming burns you.
* * * LOW HITPOINT WARNING * * *
You slash the +4 glaive of flaming!
The +4 glaive of flaming falls from the air.
Qazlal accepts your kill.
The deep elf mage points at you and mumbles some strange words.
The bolt of lightning misses you. The bolt of lightning hits you!!
You die...

####### ....... ...#
....... #...##
....... ##..§..
.!...☼. ##......
.....§°#######
#....... ##@.°.(.##
#...... ##..§)....##
#...)( #.(.)☼.....#
##....) #...(......#
#......
#(.e)).)..###......(
#.e#.......##
##......
#☼..######## ##.....
#°#[. #...#. ☼....
#...###


You could see a deep elf knight (fast) and a deep elf mage.

Vanquished Creatures
  Mara (Shoals:4)
  Bai Suzhen (Shoals:3)
  Saint Roka (Orc:2)
  Nikola (Shoals:2)
  Jorgrun (Orc:1)
  Polyphemus (Shoals:4)
  A tentacled starspawn (Abyss:2)
  2 krakens
  Agnes (Snake:3)
  10 nagarajas
  Aizul (Shoals:3)
  A deep elf demonologist (Elf:1)
  A minotaur (Gauntlet)
  4 merfolk javelineers
  6 merfolk impalers
  18 naga warriors
  3 vault guards (D:13)
  Erolcha (D:9)
  8 hydras
  A quicksilver dragon skeleton (Abyss:2)
  A merfolk avatar (Shoals:4)
  A merfolk aquamancer (Shoals:2)
  6 anacondas
  2 centaur warriors
  An alligator snapping turtle (Shoals:4)
  4 catoblepae
  2 death knights
  2 ogre magi (D:15)
  16 dancing weapons
  18 two-headed ogres
  12 death yaks
  6 satyrs
  2 orc high priests (Orc:1)
  Urug (D:12)
  A thrashing horror (Abyss:2)
  11 shock serpents
  10 naga sharpshooters
  12 deep elf knights
  A wretched star (Abyss:2)
  A salamander mystic (Snake:4)
  A death drake (shapeshifter) (Elf:1)
  2 unseen horrors
  18 sea snakes
  4 skeletal warriors (D:14)
  3 starcursed masses (Abyss:2)
  An orange crystal statue (Shoals:1)
  6 naga ritualists
  14 deep elf archers
  6 orc knights
  2 lindwurms
  An oklob plant (Orc:2)
  2 wizards (D:15)
  8 harpies
  2 necromancers (D:13)
  11 mana vipers
  24 fauns
  4 orc sorcerers
  7 ugly things
  30 deep elf magi
  14 manticores
  8 salamanders
  2 wolf spider zombies
  2 large abominations (Abyss:2)
  Maurice (Orc:2)
  An apocalypse crab (Gauntlet)
  38 black mambas
  4 merfolk sirens
  2 ice statues
  2 cyclopes
  7 elephants
  7 water nymphs
  17 guardian serpents
  Psyche (D:11)
  3 gargoyles
  16 cane toads
  2 torpor snails
  21 naga magi
  A hellion (Abyss:2)
  A yaktaur (D:13)
  Maggie (D:9)
  2 kobold demonologists (D:15)
  2 rime drakes
  13 komodo dragons
  3 efreet
  3 freezing wraiths (D:15)
  3 trolls
  5 polar bears
  A meliai (shapeshifter) (D:13)
  3 meliai (D:14)
  5 wind drakes
  3 hornets
  18 merfolk
  10 slime creatures
  3 dream sheep (Lair:6)
  8 blink frogs
  3 raiju (Abyss:2)
  8 snapping turtles
  3 flying skulls (Gauntlet)
  A shadow (D:15)
  2 air elementals
  7 wyverns
  18 humans (D:13)
  2 fire elementals (Elf:1)
  A wraith (D:14)
  11 water elementals
  61 yaks
  5 vampire mosquitoes
  4 hogs (Snake:1)
  A chaos spawn (Abyss:2)
  A neqoxec (Abyss:2)
  5 basilisks
  21 wargs
  41 nagas
  2 soldier ants
  23 water moccasins
  2 sky beasts
  2 ice beasts
  A meliai simulacrum (D:15)
  40 orc warriors
  5 black bears
  2 phantoms
  12 ogres
  23 wolves
  5 centaurs
  25 bullfrogs
  2 big kobolds
  Blork the orc (D:5)
  A gnoll sergeant (D:9)
  2 small abominations (Abyss:2)
  2 earth elementals (Elf:1)
  A water moccasin zombie (D:7)
  A wyvern skeleton (D:12)
  A scorpion (D:9)
  12 killer bees
  A vampire bat (D:7)
  10 wights
  An electric eel (Lair:2)
  6 howler monkeys
  5 centaur zombies
  2 quasits
  7 centaur skeletons
  Crazy Yiuf (D:6)
  17 orc priests
  2 hounds
  2 iguanas
  6 jellies
  2 bullfrog skeletons
  28 orc wizards
  6 worker ants
  A hound zombie (D:11)
  A hound skeleton (D:8)
  A worker ant zombie (D:11)
  6 gnolls
  30 adders
  4 river rats (D:5)
  A shadow imp (D:8)
  2 white imps (D:10)
  4 ufetubi
  An ooze (D:3)
  An adder skeleton (D:8)
  4 worms
  2 dart slugs (D:1)
  4 leopard geckos
  153 orcs
  6 ball pythons
  4 bats
  2 bat skeletons (D:7)
  2 bat zombies (D:7)
  3 giant cockroaches
  9 goblins
  8 hobgoblins
  19 jackals
  38 kobolds
  7 quokkas
  8 frilled lizards
  A leopard gecko skeleton (D:4)
  8 rats
  12 foxfires
  A starspawn tentacle (Abyss:2)
  6 tentacles
1358 creatures vanquished.

Vanquished Creatures (collateral kills)
  Kirke (Snake:1)
  A shock serpent (Snake:1)
  A black mamba (Snake:1)
  A troll (Orc:2)
  A hog (Snake:1)
  5 orc warriors (Orc:2)
  An ogre (Orc:2)
  An orc priest (Orc:2)
  An orc wizard (Orc:2)
  2 orcs (Orc:2)
  A foxfire (Lair:2)
16 creatures vanquished.

Vanquished Creatures (others)
  A merfolk impaler (Shoals:2)
  A satyr (Shoals:4)
  A faun (Shoals:2)
  A black mamba (Snake:2)
  A guardian serpent (Snake:4)
  A merfolk (Shoals:2)
  A human (Snake:1)
  An orc priest (Orc:1)
  125 foxfires
  36 fungi
  A lurking horror (Abyss:2)
  243 plants
  3 starspawn tentacles (Abyss:2)
  9 tentacles
425 creatures vanquished.

Grand Total: 1799 creatures vanquished

Notes
Turn   | Place    | Note
-------+----------+-------------------------------------------
     0 | D:1      | marklar909 the Hill Orc Monk began the quest for the Orb.
     0 | D:1      | Reached XP level 1. HP: 19/19 MP: 1/1
   110 | D:1      | Reached XP level 2. HP: 23/27 MP: 2/2
   555 | D:1      | Reached XP level 3. HP: 28/33 MP: 3/3
  1488 | D:2      | Reached XP level 4. HP: 38/41 MP: 4/4
  1539 | D:2      | Reached skill level 5 in Axes
  2376 | D:2      | Noticed an angel
  2377 | D:2      | Found a glowing silver altar of Zin.
  2701 | D:3      | Reached skill level 1 in Throwing
  3229 | D:3      | Reached XP level 5. HP: 43/47 MP: 5/5
  3613 | D:3      | Found a roughly hewn altar of Beogh.
  4034 | D:4      | Found a shimmering blue altar of Sif Muna.
  4134 | D:4      | Found a hide-covered altar of Uskayaw.
  4161 | D:4      | Found a staircase to the Ecumenical Temple.
  4206 | D:4      | Reached XP level 6. HP: 54/55 MP: 6/6
  4230 | Temple   | Entered the Ecumenical Temple
  4276 | Temple   | Became a worshipper of Qazlal Stormbringer
  4276 | Temple   | Reached * piety under Qazlal
  4276 | Temple   | Reached ** piety under Qazlal
  4602 | D:4      | Noticed a phantom
  4637 | D:4      | Killed a phantom
  4637 | D:4      | Reached skill level 5 in Fighting
  4637 | D:4      | Reached skill level 6 in Axes
  4752 | D:4      | Found an iron altar of Okawaru.
  4855 | D:4      | Found a broken altar of Ashenzari.
  5028 | D:5      | Entered Level 5 of the Dungeon
  5045 | D:5      | Noticed Blork the orc
  5055 | D:5      | Killed Blork the orc
  5055 | D:5      | Reached XP level 7. HP: 61/61 MP: 7/7
  5073 | D:5      | Found a shadowy altar of Dithmenos.
  5374 | D:5      | Found a glowing drain.
  5409 | Sewer    | Entered a sewer
  5606 | Sewer    | Reached skill level 7 in Axes
  6283 | D:5      | Found Qiplewk's Gadget Emporium.
  6852 | D:6      | Found a snail-covered altar of Cheibriados.
  6877 | D:6      | Reached *** piety under Qazlal
  7169 | D:6      | Reached XP level 8. HP: 67/69 MP: 8/8
  7621 | D:6      | Found a blossoming altar of Fedhas.
  7672 | D:6      | Found a runed translucent door.
  7674 | D:6      | Noticed Crazy Yiuf
  7735 | D:6      | Killed Crazy Yiuf
  7942 | D:7      | Reached skill level 8 in Axes
  8908 | D:7      | Noticed a two-headed ogre
  9046 | D:7      | HP: 3/70 [two-headed ogre/+0 giant club (23)]
  9119 | D:7      | Killed a two-headed ogre
  9119 | D:7      | Reached skill level 9 in Axes
  9119 | D:7      | Reached skill level 5 in Throwing
  9119 | D:7      | Reached skill level 5 in Dodging
  9119 | D:7      | Reached XP level 9. HP: 20/77 MP: 9/9
  9422 | D:7      | Found a shadowy altar of Dithmenos.
  9755 | D:7      | Reached skill level 10 in Axes
  9813 | D:7      | Found an ancient bone altar of Kikubaaqudgha.
  9968 | D:7      | Found a hazy altar of Hepliaklqana.
 10310 | D:8      | Reached **** piety under Qazlal
 10829 | D:7      | HP: 3/79 [poisoned by an orc wizard]
 10835 | D:7      | HP: 3/79 [poisoned by an orc wizard]
 11408 | D:8      | Reached skill level 11 in Axes
 11519 | D:8      | Reached XP level 10. HP: 39/86 MP: 10/10
 12165 | D:8      | Found a sparkling altar of Nemelex Xobeh.
 12594 | D:9      | Noticed Maggie
 12631 | D:9      | Killed Maggie
 12775 | D:9      | Found a staircase to the Orcish Mines.
 12857 | D:9      | Found a runed translucent door.
 12857 | D:9      | Noticed a +0 flail of chaos
 12858 | D:9      | Found a shimmering altar of Xom.
 12859 | D:9      | Noticed Deaus's ghost (novice VSFi)
 12900 | D:9      | Found a flagged portal.
 12918 | Bailey   | Entered a bailey
 13409 | Bailey   | Reached skill level 1 in Evocations
 13421 | Bailey   | Reached skill level 1 in Armour
 13529 | Bailey   | Found a bloodstained altar of Trog.
 13704 | D:9      | Found a radiant altar of Vehumet.
 13992 | D:9      | Noticed Erolcha
 13992 | D:9      | Cast into level 1 of the Abyss (Erolcha)
 14014 | D:9      | Escaped the Abyss
 14016 | D:9      | Found a white marble altar of Elyvilon.
 14025 | D:9      | Killed Erolcha
 14078 | D:9      | Found an ornate altar of the Wu Jian Council.
 14231 | D:10     | Entered Level 10 of the Dungeon
 14246 | D:10     | Reached skill level 12 in Axes
 14735 | D:10     | Reached ***** piety under Qazlal
 14736 | D:10     | Reached XP level 11. HP: 77/95 MP: 11/11
 14817 | D:10     | Found a staircase to the Lair.
 14845 | D:10     | Learned a level 1 spell: Foxfire
 14950 | D:10     | Reached skill level 1 in Fire Magic
 15224 | D:10     | Noticed a two-headed ogre
 15232 | D:10     | Killed a two-headed ogre
 15232 | D:10     | Reached skill level 13 in Axes
 15948 | D:11     | Noticed a manticore
 15957 | D:11     | Killed a manticore
 16265 | D:11     | Noticed a centaur warrior
 16272 | D:11     | Killed a centaur warrior
 16273 | D:11     | Noticed a two-headed ogre
 16279 | D:11     | Killed a two-headed ogre
 16279 | D:11     | Reached skill level 14 in Axes
 16489 | D:11     | Noticed Psyche
 16493 | D:11     | Killed Psyche
 16524 | D:11     | Noticed a cyclops
 16533 | D:11     | Killed a cyclops
 16587 | D:11     | Noticed a green ugly thing
 16602 | D:11     | Killed a red ugly thing
 16602 | D:11     | Reached XP level 12. HP: 73/106 MP: 10/12
 16873 | D:11     | Learned a level 3 spell: Inner Flame
 17624 | D:12     | Noticed Urug
 17653 | D:12     | Killed Urug
 17653 | D:12     | Reached skill level 5 in Fire Magic
 17741 | D:12     | Reached skill level 5 in Armour
 17910 | D:12     | Reached skill level 15 in Axes
 17910 | D:12     | Reached skill level 1 in Spellcasting
 17962 | D:12     | Reached skill level 1 in Invocations
 17963 | D:12     | Reached skill level 1 in Conjurations
 18043 | D:12     | Noticed a two-headed ogre
 18050 | D:12     | Reached skill level 10 in Fighting
 18061 | D:12     | Killed a two-headed ogre
 18067 | D:12     | Learned a level 4 spell: Sticky Flame
 18111 | D:12     | Noticed a four-headed hydra
 18118 | D:12     | Killed a one-headed hydra
 18308 | D:12     | Noticed a two-headed ogre
 18319 | D:12     | Killed a two-headed ogre
 19025 | Lair:1   | Entered Level 1 of the Lair of Beasts
 19045 | Lair:1   | Reached XP level 13. HP: 93/114 MP: 12/16
 19054 | Lair:1   | Reached skill level 16 in Axes
 19065 | Lair:1   | Reached skill level 5 in Invocations
 19417 | Lair:1   | Found a gate leading to a gauntlet.
 19426 | Gauntlet | Entered a Gauntlet
 19426 | Gauntlet | Found a transporter.
 19426 | Gauntlet | Found a transporter.
 19427 | Gauntlet | Found a runed translucent door.
 19649 | Gauntlet | Found a transporter.
 19651 | Gauntlet | Found a transporter.
 19653 | Gauntlet | Found a transporter.
 19653 | Gauntlet | Found a transporter.
 19769 | Gauntlet | Found a transporter.
 19772 | Gauntlet | Found a transporter.
 19776 | Gauntlet | Found a runed translucent door.
 19776 | Gauntlet | Found a runed translucent door.
 19780 | Gauntlet | Found a transporter.
 19796 | Gauntlet | Found a transporter.
 19810 | Gauntlet | Found a transporter.
 19814 | Gauntlet | Found a transporter.
 20347 | Gauntlet | Got a pair of brightly glowing gloves
 20399 | Gauntlet | Noticed a minotaur
 20410 | Gauntlet | Killed a minotaur
 21311 | Lair:1   | Reached ****** piety under Qazlal
 21350 | Lair:2   | Reached skill level 17 in Axes
 21362 | Lair:2   | Identified the +3 pair of gloves of Broken Taboos {Int+2}
                  | (You found it in a Gauntlet)
 21787 | Lair:2   | Found a staircase to the Snake Pit.
 23262 | Lair:3   | Reached XP level 14. HP: 113/124 MP: 18/18
 23661 | Lair:4   | Found a staircase to the Shoals.
 23856 | Lair:4   | Reached skill level 18 in Axes
 24068 | Lair:4   | Noticed robertstho's ghost (journeyman GnIE)
 24074 | Lair:4   | Found a transporter.
 24102 | Lair:4   | Found a transporter.
 24614 | Lair:5   | Found a runed translucent gate.
 24615 | Lair:5   | Found a runed translucent gate.
 24616 | Lair:5   | Found a runed translucent gate.
 24629 | Lair:5   | Noticed Midn8's ghost (journeyman DrWz)
 24993 | Lair:5   | Found a staircase to the Slime Pits.
 24994 | Lair:5   | Found a viscous altar of Jiyva.
 25317 | Lair:6   | Entered Level 6 of the Lair of Beasts
 25916 | Lair:5   | Reached skill level 19 in Axes
 26034 | Lair:6   | Reached XP level 15. HP: 134/134 MP: 19/19
 26360 | Lair:6   | Found a hide-covered altar of Uskayaw.
 26538 | Lair:6   | Learned a level 5 spell: Fireball
 26541 | Lair:6   | Learned a level 2 spell: Blink
 26946 | Orc:1    | Entered Level 1 of the Orcish Mines
 27361 | Orc:2    | Entered Level 2 of the Orcish Mines
 27361 | Orc:2    | Noticed Maurice
 27364 | Orc:2    | Noticed Jorgrun
 27371 | Orc:2    | Killed Maurice
 27381 | Orc:1    | Killed Jorgrun
 27510 | Orc:2    | Noticed Saint Roka
 27709 | Orc:1    | Reached skill level 10 in Fire Magic
 28101 | Orc:1    | HP: 2/135 [orc warrior/+0 glaive[an orc knight] (34)]
 28800 | Orc:2    | Killed Saint Roka
 29048 | Orc:2    | Found a roughly hewn altar of Beogh.
 29123 | Orc:2    | Found a staircase to the Elven Halls.
 29272 | Orc:2    | Found Fyeruudd's Antique Weapon Shoppe.
 29273 | Orc:2    | Found a roughly hewn altar of Beogh.
 29274 | Orc:2    | Found Efiehosari's Antique Armour Emporium.
 29422 | Orc:2    | Found a roughly hewn altar of Beogh.
 29451 | Orc:2    | Found a roughly hewn altar of Beogh.
 29496 | Orc:2    | Found a roughly hewn altar of Beogh.
 29500 | Orc:2    | Found a roughly hewn altar of Beogh.
 29507 | Orc:2    | Found Geeptes's Antique Weapon Boutique.
 29639 | Orc:2    | Found a roughly hewn altar of Beogh.
 29643 | Orc:2    | Found Lafou's Weapon Shop.
 30053 | D:13     | Reached skill level 20 in Axes
 30263 | D:13     | Found Aweberph's Magic Scroll Boutique.
 30269 | D:13     | Bought a scroll of enchant weapon for 112 gold pieces
 30269 | D:13     | Bought a scroll of identify for 30 gold pieces
 30269 | D:13     | Bought a scroll of teleportation for 45 gold pieces
 30888 | D:13     | Reached XP level 16. HP: 143/144 MP: 21/21
 31487 | D:13     | Found a gate to the Vaults.
 32352 | D:14     | Paralysed by a hornet for 2 turns
 33012 | D:14     | Found a runed translucent gate.
 33012 | D:14     | Found a runed translucent gate.
 33013 | D:14     | Found a runed translucent gate.
 33013 | D:14     | Noticed Laowois's ghost (journeyman MiBe)
 33014 | D:14     | Found an opulent altar of Gozag.
 33198 | D:15     | Entered Level 15 of the Dungeon
 34133 | D:15     | Found a staircase to the Depths.
 34216 | D:15     | Cast into level 2 of the Abyss (a wizard)
 34296 | Abyss:2  | Got a twisted trident
 34302 | Abyss:2  | Noticed a tentacled starspawn
 34315 | Abyss:2  | Killed a tentacled starspawn
 34315 | Abyss:2  | Reached skill level 21 in Axes
 34392 | Abyss:2  | Reached skill level 10 in Invocations
 34399 | Abyss:2  | Reached skill level 15 in Fighting
 34402 | Abyss:2  | Noticed a tentacled starspawn
 34444 | D:15     | Escaped the Abyss
 35213 | Snake:1  | Entered Level 1 of the Snake Pit
 35235 | Snake:1  | Noticed Kirke
 35253 | Snake:1  | Killed Kirke
 35253 | Snake:1  | Reached XP level 17. HP: 151/156 MP: 18/24
 35254 | Snake:1  | Found Lasocuel's Distillery.
 35319 | Snake:1  | Found Tojiukhlu's Jewellery Shoppe.
 35321 | Snake:1  | Bought a potion of mutation for 112 gold pieces
 35321 | Snake:1  | Bought a potion of curing for 42 gold pieces
 35321 | Snake:1  | Bought a potion of mutation for 112 gold pieces
 35321 | Snake:1  | Bought a potion of curing for 42 gold pieces
 35321 | Snake:1  | Bought a potion of heal wounds for 70 gold pieces
 35321 | Snake:1  | Bought a potion of haste for 140 gold pieces
 35321 | Snake:1  | Bought a potion of curing for 42 gold pieces
 35321 | Snake:1  | Bought a potion of haste for 140 gold pieces
 35321 | Snake:1  | Bought a potion of haste for 140 gold pieces
 35328 | Snake:1  | Bought the amulet of the Four Winds {rN+ MR+++ Clar} for
                  | 570 gold pieces
 35328 | Snake:1  | Found the amulet of the Four Winds {rN+ MR+++ Clar}
 37724 | Snake:1  | Reached skill level 10 in Armour
 37724 | Snake:1  | Reached skill level 1 in Hexes
 37724 | Snake:1  | Reached skill level 1 in Translocations
 40315 | Snake:2  | Found a radiant altar of Vehumet.
 40694 | Snake:3  | Noticed Agnes
 40709 | Snake:3  | Killed Agnes
 41136 | Snake:3  | Identified the +2 trident of Gehenna {antimagic, +Fly}
 41162 | Snake:3  | Reached skill level 5 in Conjurations
 41696 | Snake:4  | Entered Level 4 of the Snake Pit
 42476 | Snake:4  | Reached XP level 18. HP: 58/166 MP: 26/26
 42770 | Snake:3  | Learned a level 3 spell: Stone Arrow
 43185 | Snake:4  | Reached skill level 1 in Earth Magic
 44619 | Snake:4  | Reached skill level 22 in Axes
 45904 | Snake:4  | Got a serpentine rune of Zot
 46293 | Shoals:1 | Entered Level 1 of the Shoals
 47970 | Shoals:2 | Noticed Nikola
 48686 | Shoals:2 | Reached XP level 19. HP: 155/174 MP: 28/28
 48749 | Shoals:2 | Killed Nikola
 48799 | Shoals:1 | Learned a level 3 spell: Ignite Poison
 50795 | Shoals:3 | Reached skill level 1 in Transmutations
 51685 | Shoals:3 | Found Oqeocw's Jewellery Emporium.
 51827 | Shoals:4 | Entered Level 4 of the Shoals
 51828 | Shoals:4 | Noticed Bai Suzhen
 51831 | Shoals:4 | Noticed Mara
 51835 | Shoals:4 | Noticed marklar909's illusion
 51901 | Shoals:3 | Killed Bai Suzhen
 52324 | Shoals:4 | Noticed Aizul
 52326 | Shoals:4 | Reached skill level 10 in Dodging
 52345 | Shoals:3 | Killed Aizul
 54324 | Shoals:4 | Reached skill level 5 in Earth Magic
 54921 | Shoals:4 | Noticed marklar909's illusion
 55230 | Shoals:4 | Noticed marklar909's illusion
 56025 | Shoals:4 | Noticed Polyphemus
 56333 | Shoals:4 | Noticed marklar909's illusion
 56337 | Shoals:4 | Killed Polyphemus
 57030 | Shoals:4 | Noticed marklar909's illusion
 57322 | Shoals:4 | Got a barnacled rune of Zot
 57409 | Shoals:4 | Killed Mara
 58639 | Shoals:4 | Learned a level 3 spell: Dazzling Flash
 58900 | Elf:1    | Entered Level 1 of the Elven Halls
 58926 | Elf:1    | Reached XP level 20. HP: 126/184 MP: 29/29
 60980 | Elf:2    | Found a runed translucent gate.
 60980 | Elf:2    | Found a runed translucent gate.
 60980 | Elf:2    | Found a runed translucent gate.
 61048 | Elf:2    | Killed from afar by a deep elf mage

Illustrated notes

Levels and vault maps discovered:
D:1:      sevenhm_arrival_forest_fort_small_5, layout_rooms, serial_forest,
          infiniplex_forest_lined_2, infiniplex_forest_straight_1,
          infiniplex_forest_straight_2, infiniplex_forest_clump_diagonal,
          infiniplex_forest_lined_room_2, infiniplex_forest_lined_3_way,
          infiniplex_forest_clump_double, infiniplex_forest_straight_5,
          infiniplex_forest_straight_4, infiniplex_forest_pool,
          minmay_misc_feat_square
D:2:      layout_loops_cross, zin_angel, nrook_mini_vaults
D:3:      layout_rooms, kennysheep_orc_chapel
D:4:      layout_basic, old_standard_altar, okawaru_trees_2, old_standard_altar,
          lemuel_crystal_altar, minmay_temple_entry_mini_moons,
          dk_noncrumbling_3
D:5:      layout_loops_ring, lightli_sewer_entry_pipes, serial_shops,
          nicolae_shop_stone, nicolae_dithmenos_through_a_glass_darkly,
          uniq_blork_the_orc
D:6:      layout_cave_pools, kennysheep_little_box, cheibriados_altar_1,
          uniq_crazy_yiuf_cottage
D:7:      layout_loops_ring, lemuel_round_altar, kennysheep_vampire_church,
          basic_altar
D:8:      layout_loops_cross, old_standard_altar
D:9:      layout_irregular_city, vehumet_statue, minitemple, orc_0_dummy,
          enter_bailey_6, ebering_ghost_xom, uniq_maggie, uniq_erolcha
D:10:     layout_gridville, erik_lair_orcish_takeover
D:11:     layout_basic, serial_rivers, chequers_serial_rivers_marsh,
          chequers_serial_rivers_small_b, chequers_serial_rivers_small_3,
          chequers_serial_rivers_small_a, uniq_psyche
D:12:     layout_loops_ring, uniq_urug
D:13:     lemuel_castle_with_subvaults [lemuel_castle_interior_original],
          layout_stronghold, grunt_vaults_entry_tiered, serial_shops, shop
D:14:     layout_loops_ring, ebering_ghost_gozag, serial_bayou_pond_c
D:15:     grunt_enter_depths_magical_seal, layout_loops_ring,
          roderic_roman_lattice
Temple:   jpeg_temple_island
Lair:1:   layout_regular_city, gauntlet_entry_generic, beast_lair_carwin_8
Lair:2:   layout_chaotic_city, minmay_snake_entry_six_corridors,
          lemuel_fruit_fields, serial_bayou_shore_a
Lair:3:   cheibrodos_lair_overgrown_chateau, layout_chaotic_city,
          hibernation_bobbens
Lair:4:   layout_small_grid, shoals_dummy_entry,
          gammafunk_ghost_berserking_beasts, chequers_serial_rivers_large_b
Lair:5:   layout_misc_corridors, slime_altar_1, maelrawn_ghost_gauntlet_escape,
          cheibrodos_lair_lostbears
Lair:6:   hangedman_lair_in_review, layout_gridlike, basic_altar,
          chequers_serial_rivers_large_a
Shoals:1: layout_shoals, dpeg_stationary_puzzle
Shoals:2: layout_shoals, nicolae_shoals_seven_spires, uniq_nikola
Shoals:3: layout_shoals, serial_shops, shop,
          portal_ice_cave_entry_ice_statue_one
Shoals:4: shoals_end_grunt_garden, layout_shoals,
          nicolae_shoals_kraken_intersection, uniq_aizul, uniq_polyphemus,
          uniq_bai_suzhen, uniq_mara
Snake:1:  layout_layer_cave, serial_bayou_shore_b, grunt_megastairs_2,
          minmay_shoptagon, uniq_kirke
Snake:2:  layout_cave_pods, basic_altar, st_stairs_1, lemuel_fruit_tree
Snake:3:  layout_misc_corridors, uniq_agnes
Snake:4:  snake_hunt, layout_rooms, grunt_ministairs_3,
          nicolae_coiled_stairwell_up
Orc:1:    layout_diamond_mine
Orc:2:    grunt_orc_community_town_hall, layout_caves,
          grunt_orc_community_big_house_2, grunt_orc_community_big_house_1,
          grunt_orc_community_house_2, grunt_orc_community_house_3,
          grunt_orc_community_house_1, grunt_orc_community_house_3,
          grunt_orc_community_house_2, grunt_orc_community_house_3,
          mines3_lemuel, uniq_maurice, uniq_saint_roka, uniq_jorgrun
Elf:1:    layout_loops_cross, evilmike_minifort, moated_statue,
          grunt_ministairs_12, david_greed
Elf:2:    layout_rooms, serial_shops, nicolae_shop_stone, lemuel_statue_altar,
          uniq_asterion

Skill      XL: |  1  2  3  4  5  6  7  8  9 10 11 12 13 14 15 16 17 18 19 20 |
---------------+-------------------------------------------------------------+-----
Fighting       | 4 5 6 7 8 9 10 11 12 13 15 16 17 | 17.5
Axes           | 5 6 7 9 11 12 14 15 17 19 20 21 22 | 22.9
Throwing       | 1 2 3 5 6 7 8 |  8.2
Stealth        | 2 3 |  3.6
Dodging        | 3 4 5 6 7 8 9 10 | 10.2
Evocations     | 2 |  2.1
Armour         | 4 5 7 8 9 10 11 12 | 12.9
Fire Magic     | 4 6 8 9 10 11 | 11.2
Spellcasting   | 2 4 |  4.0
Invocations    | 4 6 7 10 11 12 13 | 13.7
Conjurations   | 2 3 5 6 7 |  7.7
Hexes          | 3 4 |  4.6
Translocations | 2 4 |  4.5
Earth Magic    | 3 5 |  5.5
Transmutations | 2 |  2.8

Action                   |  1- 3 |  4- 6 |  7- 9 | 10-12 | 13-15 | 16-18 | 19-21 || total
-------------------------+-------+-------+-------+-------+-------+-------+-------++-------
Melee: Hand axe          |   104 |   148 |   500 |   154 |       |       |       ||   906
       War axe           |       |       |       |    90 |       |       |       ||    90
       Battleaxe         |       |       |       |   316 |   964 |  1293 |   723 ||  3296
       Broad axe         |       |       |       |     3 |    55 |       |       ||    58
Throw: Dart              |     8 |   123 |    88 |    59 |       |    47 |    47 ||   372
 Cast: Foxfire           |       |       |       |    76 |    27 |     4 |       ||   107
       Sticky Flame      |       |       |       |       |       |     1 |       ||     1
       Inner Flame       |       |       |       |       |       |     1 |       ||     1
Invok: Upheaval          |       |       |       |     1 |     2 |     2 |     7 ||    12
       Elemental Force   |       |       |       |       |     3 |     2 |       ||     5
       Disaster Area     |       |       |       |       |     1 |     1 |     3 ||     5
Evoke: Wand              |       |       |     2 |    18 |     4 |     1 |     2 ||    27
  Use: Scroll            |     5 |     9 |     3 |    10 |    15 |     9 |    12 ||    63
       Potion            |       |       |     2 |     1 |     3 |     3 |     4 ||    13
 Stab: Sleeping          |     4 |     1 |       |       |       |       |       ||     5
       Petrifying        |       |       |       |       |     1 |       |       ||     1
       Distracted        |       |       |       |       |     1 |       |     3 ||     4
Armor: Robe              |    16 |    29 |   169 |    11 |       |       |       ||   225
       Acid dragon scale |       |       |       |   163 |   419 |    13 |       ||   595
       Skin              |       |       |       |     2 |       |       |       ||     2
       Scale mail        |       |       |       |       |       |   460 |   262 ||   722
       Chain mail        |       |       |       |       |       |       |   113 ||   113
Dodge: Dodged            |    78 |   109 |   368 |   383 |   645 |   675 |   555 ||  2813
       Repelled          |       |       |     1 |     3 |     8 |    63 |    26 ||   101
Block: Other             |       |     3 |    89 |   149 |   338 |   426 |   278 ||  1283

Table legend: (Time is in decaauts)
 A = Elapsed time spent in this place.
 B = Non-inter-level travel time spent in this place.
 C = Inter-level travel time spent in this place.
 D = Time resting spent in this place.
 E = Time spent auto-exploring this place.
 F = Levels seen in this place.
 G = Mean time per level.
                   A        B        C        D        E       F      G
               +--------+--------+--------+--------+--------+-----+--------+
         Total |  60784 |  55682 |   5102 |  18729 |  26763 |  39 | 1558.6 |
       Dungeon |  22935 |  20685 |   2250 |   3719 |  12790 |  15 | 1529.0 |
        Temple |     87 |     46 |     41 |      0 |     35 |   1 |   87.0 |
          Lair |   6922 |   5944 |    978 |    423 |   4341 |   6 | 1153.7 |
        Shoals |  12219 |  11302 |    917 |   7048 |   2831 |   4 | 3054.8 |
     Snake Pit |  10761 |  10432 |    329 |   5461 |   3647 |   4 | 2690.2 |
  Orcish Mines |   3170 |   2609 |    561 |   1131 |   1004 |   2 | 1585.0 |
   Elven Halls |   1789 |   1765 |     24 |     50 |   1173 |   2 |  894.5 |
         Abyss |    229 |    229 |      0 |      8 |      0 |   2 |  114.5 |
         Sewer |    871 |    871 |      0 |    117 |    584 |   1 |  871.0 |
        Bailey |    671 |    671 |      0 |    454 |     48 |   1 |  671.0 |
      Gauntlet |   1125 |   1125 |      0 |    318 |    308 |   1 | 1125.0 |
               +--------+--------+--------+--------+--------+-----+--------+

Top non-repeatable levels by time:
Shoals:3: 6085 daAuts
 Snake:1: 4102 daAuts
Shoals:1: 2862 daAuts
 Snake:3: 2748 daAuts
     D:7: 2741 daAuts
 Snake:4: 2283 daAuts
    D:10: 2082 daAuts
    D:13: 1848 daAuts
   Orc:1: 1841 daAuts
Shoals:2: 1732 daAuts
   Elf:1: 1682 daAuts
 Snake:2: 1626 daAuts
    D:11: 1609 daAuts
     D:9: 1584 daAuts
Shoals:4: 1538 daAuts
